cohdb
Replays
Latest Replays
All Replays
Popular Replays
Top Player Replays
Match Explorer
How It Works
Community
CoH3 Stats
Reddit
Sign in to upload your games and track your stats! →
Sign in with Steam
Match 43075991
Unlisted
Match 43075991
Overview
Messages
Build Orders
End
Kradschützen Motorcycle Team
Panzergrenadier Squad
Panzergrenadier Squad
Selects Battlefield Espionage Battlegroup
Construct Light Support Kompanie
Panzergrenadier Squad
Selects Intel Disruption Beacon
MG34 Team
Combat Half-tracks
Fire Support Elements
Assault Grenadier Squad
le.IG 18 Mechanized Group
Pak 38 Anti-tank Gun Team
Selects 250/3 Funkpanzerwagen
MZMZ
Silver
jerjawe
Geffery
chiuchiu63333
Ghost
0
0
Comments
sign in to comment!
No comments posted yet!